 Dungeon Crawl Stone Soup version 0.29.1-12-g30fa7ad0bf (webtiles) character file.

Game seed: 8912935979986593058

231 wormed the Shield-Bearer (level 6, -1/39 HPs)
             Began as a Gargoyle Fighter on Dec 21, 2022.
             Was an Initiate of Okawaru.
             Slain by a gnoll
             ... wielding a +1 halberd of protection
             ... led by a gnoll bouda
              (7 damage)
             ... on level 4 of the Dungeon.
             The game lasted 00:05:41 (3337 turns).

wormed the Shield-Bearer (Gargoyle Fighter)         Turns: 3337, Time: 00:05:41

Health: -1/39      AC: 16    Str: 21    XL:     6   Next: 3%
Magic:  6/6        EV:  7    Int:  9    God:    Okawaru [......]
Gold:   202        SH:  4    Dex:  9    Spells: 5/5 levels left

rFire   . . .      SeeInvis .   w - +0 morningstar
rCold   . . .      Faith    .   c - +0 buckler
rNeg    + . .      Spirit   .   t - +0 chain mail
rPois   ∞          Reflect  .   h - +1 hat
rElec   +          Harm     .   u - +0 cloak
rCorr   .          Rampage  .   (no gloves)
Will    .....                   (no boots)
Stlth   ..........              (no amulet)
HPRegen 0.13/turn               (no ring)
MPRegen 0.10/turn               (no ring)

@: on berserk cooldown, slowed, very slow
A: sickness immunity, AC +4, negative energy resistance 1, electricity
resistance, torment resistance 1, petrification resistance
a: Renounce Religion


You were on level 4 of the Dungeon.
You worshipped Okawaru.
Okawaru was noncommittal.
You visited 1 branch of the dungeon, and saw 4 of its levels.

You collected 202 gold pieces.

Inventory:

Hand Weapons
 w - a +0 morningstar (weapon)
Missiles
 p - 4 javelins (quivered)
Armour
 c - a +0 buckler (worn)
 h - a +1 hat (worn)
 t - a +0 chain mail (worn)
 u - a +0 cloak (worn)
Jewellery
 r - a ring of flight
Wands
 a - a wand of quicksilver (8)
Scrolls
 b - a scroll of immolation
 f - a scroll of fog {unknown}
 g - a scroll of silence {unknown}
 i - a scroll of acquirement {unknown}
 j - a scroll of teleportation
 l - a scroll of noise {unknown}
 q - a scroll of fear {unknown}
Potions
 d - 2 potions of might
 o - a potion of degeneration
 s - a potion of attraction
 v - a potion of cancellation {unknown}


   Skills:
 + Level 4.3 Fighting
 * Level 4.0 Maces & Flails
 + Level 4.3 Armour
 + Level 4.3 Shields


You had 5 spell levels left.
You didn't know any spells.
Your spell library was empty.

Dungeon Overview and Level Annotations

Branches:
Dungeon (4/15)
 Temple: D:4-7

Altars:
Gozag
Okawaru

Shops:
D:2 (


Innate Abilities, Weirdness & Mutations

You are immune to sickness and miasma.
Your stone body is resilient. (AC +4)
You are immune to poison.
You resist negative energy. (rN+)
You are resistant to electric shocks. (rElec)
You are resistant to unholy torment.
You are immune to petrification.


Message History

The gnoll bouda hits you with a +0 club.
* * * LOW HITPOINT WARNING * * *
You feel better.
The gnoll hits you from afar with a +1 halberd of protection.
* * * LOW HITPOINT WARNING * * *
The gnoll bouda hits you but does no damage.
You feel better. The gnoll hits you but does no damage.
The gnoll bouda hits you but does no damage.
A red film seems to cover your vision as you go berserk!
You feel yourself moving faster!
You feel mighty! The gnoll barely misses you.
The gnoll bouda barely misses you.
You puncture the gnoll bouda!
The gnoll bouda is almost dead.
The gnoll is no longer moving quickly.
The gnoll barely misses you.
The gnoll bouda hits you with a +0 club.
You closely miss the gnoll bouda.
The gnoll bouda is almost dead.
The gnoll hits you from afar with a +1 halberd of protection!
* * * LOW HITPOINT WARNING * * *
The gnoll bouda gazes fiercely through you!
You feel as though you will be weak longer.
The gnoll bouda hits you with a +0 club.
* * * LOW HITPOINT WARNING * * *
You sock the gnoll bouda!
You kill the gnoll bouda!
Okawaru accepts your kill. You block the gnoll's attack.
Your Maces & Flails skill increases to level 4!
You have reached level 6!
You feel a strong urge to attack something.
You feel your anger nearly subside.
You are no longer berserk.
You are exhausted.
You feel yourself slow down. The gnoll hits you but does no damage.
Your attacks no longer feel as feeble.
You block the gnoll's attack. The gnoll barely misses you.
You see here a +0 shortbow.
The gnoll hits you from afar with a +1 halberd of protection!
You die...

##### #...#
##.<.# #....#
##.@.##
##))..#
##.gg.##
##.g.♣.#
##......#
#...#....#
##.####...#
#########...#
#....#
#..g.g....#.#
#.>.#


You could see 3 gnolls.

Vanquished Creatures
  A centaur (D:4)
  A gnoll bouda (D:4)
  5 adders
  2 worms (D:3)
  2 dart slugs (D:2)
  3 orcs (D:3)
  3 ball pythons
  6 endoplasms
  4 giant cockroaches
  6 goblins
  6 hobgoblins
  4 jackals (D:2)
  4 quokkas
  4 bats
  A frilled lizard (D:2)
  7 kobolds
  8 rats
67 creatures vanquished.

Notes
Turn   | Place    | Note
-------+----------+-------------------------------------------
     0 | D:1      | wormed the Gargoyle Fighter began the quest for the Orb.
     0 | D:1      | Reached XP level 1. HP: 14/14 MP: 1/1
   253 | D:1      | Found a faded altar of an unknown god.
   337 | D:1      | Reached XP level 2. HP: 19/19 MP: 2/2
  1088 | D:2      | Reached XP level 3. HP: 23/23 MP: 3/3
  1536 | D:2      | Reached XP level 4. HP: 29/29 MP: 4/4
  1862 | D:2      | Found an iron altar of Okawaru.
  1934 | D:2      | Found Awief's Weapon Boutique.
  1993 | D:2      | Became a worshipper of Warmaster Okawaru
  2356 | D:3      | Found an iron altar of Okawaru.
  2934 | D:3      | Found an opulent altar of Gozag.
  3041 | D:3      | Reached XP level 5. HP: 33/33 MP: 5/5
  3191 | D:4      | Noticed a centaur
  3197 | D:4      | Killed a centaur
  3316 | D:4      | HP: 1/33 [gnoll bouda/+0 club (3)]
  3323 | D:4      | Reached XP level 6. HP: 6/39 MP: 6/6
  3337 | D:4      | Slain by a gnoll

Illustrated notes

Levels and vault maps discovered:
D:1:      dpeg_arrival_castle, layout_loops_ring,
          hellmonk_ecumenical_altar_run_dry
D:2:      layout_rooms, basic_altar, serial_shops,
          nicolae_shop_bloodbath_and_beyond, minmay_crystal_water,
          dk_noncrumbling_2, reono_crystal_passage, minivault_27
D:3:      layout_basic, mainiacjoe_overflow_alcove_2, okawaru_trees_1,
          cheibrodos_sewer_entry_bend, nrook_mini_backslash,
          hangedman_abyss_or_decor_lesser_grid
D:4:      layout_loops_ring, minmay_temple_entry_large_hall,
          grunt_ministairs_12, minmay_quantized

Skill      XL: |  1  2  3  4  5 |
---------------+----------------+-----
Maces & Flails | 3 4 |  4.0
Fighting       | 4 |  4.3
Armour         | 4 |  4.3
Shields        | 4 |  4.3

Action                   |  1- 3 |  4- 6 || total
-------------------------+-------+-------++-------
Melee: Flail             |   118 |   112 ||   230
       Morningstar       |       |    48 ||    48
  Use: Scroll            |       |     6 ||     6
       Potion            |       |     3 ||     3
 Stab: Distracted        |     1 |       ||     1
Armor: Scale mail        |    69 |    61 ||   130
       Chain mail        |       |    47 ||    47
Dodge: Dodged            |    84 |    86 ||   170
Block: Buckler           |    37 |    41 ||    78
